 Dungeon Crawl Stone Soup version 0.31.0 (webtiles) character file.

Game seed: 11375959032012273704

525 qw the Shooter (level 7, -7/44 HPs)
             Began as a Gargoyle Hunter on Jan 19, 2024.
             Was a Follower of Okawaru.
             Mangled by an ice beast (14 damage)
             ... on level 6 of the Dungeon.
             The game lasted 00:00:20 (4295 turns).

qw the Shooter (Gargoyle Hunter)                    Turns: 4295, Time: 00:00:21

Health: -7/44      AC:  4    Str: 15    XL:     7   Next: 23%
Magic:  7/7        EV: 11    Int:  9    God:    Okawaru [*.....]
Gold:   214        SH:  0    Dex: 15    Spells: 6/6 levels left

rFire   . . .        a - +0 shortbow
rCold   . . .        (shield currently unavailable)
rNeg    + . .        b - +3 leather armour {rPois}
rPois   inf          (no helmet)
rElec   +            (no cloak)
rCorr   .            (no gloves)
SInv    +            g - +1 pair of boots
Will    .....        (no amulet)
Stlth   ++           f - ring of see invisible
HPRegen 0.27/turn    (no ring)
MPRegen 0.10/turn

%: no passive effects
@: corroded
A: sickness immunity, AC +4, negative energy resistance 1, electricity
resistance, torment resistance 1, petrification resistance
a: Renounce Religion, Heroism


You were on level 6 of the Dungeon.
You worshipped Okawaru.
Okawaru was aware of your devotion.
You visited 1 branch of the dungeon, and saw 6 of its levels.

You collected 214 gold pieces.


Innate Abilities, Weirdness & Mutations

You are immune to sickness and miasma.
Your stone body is resilient. (AC +4)
You are immune to poison.
You resist negative energy. (rN+)
You are resistant to electric shocks. (rElec)
You are resistant to unholy torment.
You are immune to petrification.


   Skills:
 - Level 5.1 Fighting
 - Level 7.0 Ranged Weapons
 - Level 1.0 Armour
 + Level 1.5 Dodging
 - Level 1.1 Stealth
 + Level 1.2 Invocations


You had 6 spell levels left.
You didn't know any spells.
Your spell library was empty.

Inventory:

Hand Weapons
 a - a +0 shortbow (weapon)
Armour
 b - a +3 leather armour of poison resistance (worn)
 g - a +1 pair of boots (worn)
Jewellery
 f - a ring of see invisible (left hand)
Scrolls
 k - 2 scrolls of teleportation
Potions
 c - a potion of haste
 d - 3 potions of curing
 i - a potion of enlightenment
 l - a potion of mutation

Dungeon Overview and Level Annotations

Branches:
Dungeon (6/15)             Temple (0/1) D:5

Altars:
Ashenzari
Elyvilon
Kikubaaqudgha
Okawaru
Sif Muna
Xom
Zin

Shops:
D:2 (

Annotations:
D:5 2 transporters
D:6 1 runed translucent door


Message History

The arrow closely misses the acid dragon.
An ice beast comes into view.
You shoot an arrow.
The arrow hits the ice beast but does no damage.
You shoot an arrow. The arrow hits the ice beast.
The ice beast is lightly wounded.
The acid dragon spits acid at you. The splash of acid hits you!!
Ouch! That really hurt!
The acid corrodes you!
The ice beast hits you but does no damage.
You shoot an arrow.
The arrow hits the ice beast but does no damage.
The ice beast is lightly wounded.
The ice beast hits you but does no damage.
You shoot an arrow. The arrow hits the acid dragon.
The acid dragon is moderately wounded.
The acid dragon barely misses you. x2; The ice beast barely misses you.
You shoot an arrow.
The arrow closely misses the acid dragon.
The ice beast hits you but does no damage.
The acid dragon barely misses you. x2
You shoot an arrow.
The arrow hits the acid dragon but does no damage.
The acid dragon is moderately wounded.
The ice beast hits you but does no damage.
The acid dragon bites you but does no damage.
The acid dragon claws you but does no damage.
You shoot an arrow. The arrow hits the acid dragon.
The acid dragon is heavily wounded.
The acid dragon bites you but does no damage.
The acid dragon claws you but does no damage.
The ice beast hits you but does no damage.
You shoot an arrow.
The arrow hits the acid dragon but does no damage.
The acid dragon is heavily wounded.
The acid dragon spits acid at you. The splash of acid hits you!
The acid corrodes you! The ice beast hits you. The ice beast freezes you!
You die...

#............#
#............
#...........#
#...........#
#...........###
#..............
#.......D../...
#.Y@# #.#.# #
#.# #.#####
#.....# #.###.#
### #.# # #.#.#
# #.#.#


You could see an acid dragon and an ice beast.

Vanquished Creatures
  Eustachio (D:3)
  An ogre (D:4)
  2 orc priests (D:5)
  2 bombardier beetles (D:5)
  An iguana (D:5)
  An orc wizard (D:5)
  3 adders
  A dart slug (D:4)
  13 orcs
  9 ball pythons
  7 endoplasms
  2 giant cockroaches
  12 goblins
  7 hobgoblins
  2 jackals (D:3)
  5 kobolds
  3 quokkas
  5 bats
  6 frilled lizards
  3 rats
86 creatures vanquished.

Notes
Turn   | Place    | Note
-------+----------+-------------------------------------------
     0 | D:1      | qw the Gargoyle Hunter began the quest for the Orb.
     0 | D:1      | Reached XP level 1. HP: 12/12 MP: 1/1
     0 | D:1      | 0 ||| qw: Version: 0.3-a-132-g3d54051
     0 | D:1      | 0 ||| qw: Game counter: 366
     0 | D:1      | 0 ||| qw: Melee chars always use a shield: true
     0 | D:1      | 0 ||| qw: God list: Okawaru
     0 | D:1      | 0 ||| qw: Allow faded altars: false
     0 | D:1      | 0 ||| qw: Do Orc after clearing Dungeon:15 true
     0 | D:1      | 0 ||| qw: Do second Lair branch before Depths: true
     0 | D:1      | 0 ||| qw: Lair rune preference: random
     0 | D:1      | 0 ||| qw: Goals: Normal
     0 | D:1      | 0 ||| PLANNING D:1-11
   131 | D:1      | Reached XP level 2. HP: 17/17 MP: 2/2
   475 | D:1      | Reached XP level 3. HP: 21/21 MP: 3/3
   483 | D:1      | Reached skill level 5 in Ranged Weapons
   682 | D:1      | 682 ||| UPGRADING to +0 pair of boots.
   687 | D:1      | 687 ||| UPGRADING to ring of see invisible.
   688 | D:1      | 688 ||| READING scroll labelled PUDOSU YGATEPS.
   689 | D:1      | 689 ||| READING scroll labelled GEHYULEI VEOS.
   689 | D:1      | 689 ||| ENCHANTING +0 pair of boots.
   690 | D:1      | 690 ||| DRINKING 2 inky potions.
   691 | D:1      | 691 ||| DROPPING scroll of butterflies.
   843 | D:2      | 843 ||| FLEEEEING.
  1026 | D:2      | Found Obazat's Weapon Shop.
  1489 | D:2      | 1489 ||| UPGRADING to +0 ring mail.
  1499 | D:2      | 1499 ||| DROPPING +0 leather armour.
  1500 | D:2      | 1500 ||| READING scroll labelled UNYTUG DIFAO.
  1571 | D:3      | Found a shimmering blue altar of Sif Muna.
  1609 | D:3      | Reached skill level 1 in Armour
  1612 | D:3      | Reached XP level 4. HP: 17/27 MP: 4/4
  1661 | D:3      | Reached skill level 3 in Fighting
  1790 | D:3      | Found an ancient bone altar of Kikubaaqudgha.
  2123 | D:3      | Identified the +0 ring mail "Wadatit" {Int+4}
  2325 | D:3      | 2325 ||| DROPPING +0 ring mail "Wadatit" {Int+4}.
  2326 | D:3      | 2326 ||| READING 3 scrolls labelled VYOBOASELU.
  2326 | D:3      | 2326 ||| IDENTIFYING viscous inky potion
  2327 | D:3      | 2327 ||| READING 2 scrolls of identify.
  2327 | D:3      | 2327 ||| IDENTIFYING fizzy emerald potion
  2328 | D:3      | 2328 ||| READING scroll of identify.
  2328 | D:3      | 2328 ||| IDENTIFYING black potion
  2329 | D:3      | 2329 ||| READING 2 scrolls labelled IMUMMO LATUOGU.
  2330 | D:3      | 2330 ||| FLEEEEING.
  2333 | D:3      | 2333 ||| DROPPING potion of berserk rage.
  2491 | D:4      | Noticed an ogre
  2500 | D:4      | Killed an ogre
  2501 | D:4      | Reached skill level 6 in Ranged Weapons
  2501 | D:4      | Reached XP level 5. HP: 28/32 MP: 5/5
  2501 | D:4      | 2501 ||| FLEEEEING.
  2660 | D:4      | Found a white marble altar of Elyvilon.
  2665 | D:4      | Found an iron altar of Okawaru.
  2667 | D:4      | 2667 ||| PLANNING OKAWARU WORSHIP
  2667 | D:4      | 2667 ||| READING scroll of identify.
  2667 | D:4      | 2667 ||| IDENTIFYING emerald potion
  2668 | D:4      | 2668 ||| READING scroll labelled ZUSTIE DOAGI.
  2669 | D:4      | 2669 ||| DROPPING potion of ambrosia.
  2672 | D:4      | Found a broken altar of Ashenzari.
  2672 | D:4      | Found a shimmering altar of Xom.
  2674 | D:4      | Became a worshipper of Warmaster Okawaru
  2675 | D:4      | 2675 ||| PLANNING D:1-11
  2710 | D:4      | Found a glowing silver altar of Zin.
  2797 | D:4      | Noticed Eustachio
  2798 | D:4      | 2798 ||| DRINKING potion of haste.
  2813 | D:4      | 2813 ||| RETREEEEATING.
  2822 | D:4      | 2822 ||| RETREEEEATING.
  2823 | D:4      | 2823 ||| RETREEEEATING.
  2859 | D:4      | HP: 8/32 [river rat[Eustachio] (2)]
  2860 | D:4      | 2860 ||| READING 3 scrolls of teleportation.
  2862 | D:4      | HP: 2/32 [river rat[Eustachio] (3)]
  2921 | D:4      | 2921 ||| FLEEEEING.
  2922 | D:4      | 2922 ||| FLEEEEING.
  2923 | D:4      | 2923 ||| FLEEEEING.
  2924 | D:4      | 2924 ||| FLEEEEING.
  2926 | D:4      | 2926 ||| FLEEEEING.
  2927 | D:4      | 2927 ||| FLEEEEING.
  2929 | D:4      | 2929 ||| FLEEEEING.
  2930 | D:4      | 2930 ||| FLEEEEING.
  2931 | D:4      | 2931 ||| FLEEEEING.
  2939 | D:4      | 2939 ||| STAIRDANCE
  3010 | D:4      | 3010 ||| RETREEEEATING.
  3023 | D:4      | 3023 ||| FLEEEEING.
  3024 | D:4      | 3024 ||| FLEEEEING.
  3025 | D:4      | 3025 ||| FLEEEEING.
  3031 | D:4      | 3031 ||| FLEEEEING.
  3032 | D:4      | 3032 ||| FLEEEEING.
  3033 | D:4      | 3033 ||| FLEEEEING.
  3035 | D:4      | 3035 ||| FLEEEEING.
  3036 | D:4      | 3036 ||| FLEEEEING.
  3038 | D:4      | 3038 ||| STAIRDANCE
  3089 | D:4      | 3089 ||| STAIRDANCE
  3096 | D:3      | Killed Eustachio
  3097 | D:3      | Reached XP level 6. HP: 28/40 MP: 6/6
  3097 | D:3      | 3097 ||| FLEEEEING.
  3142 | D:3      | 3142 ||| UPGRADING to +3 leather armour of poison
                  | resistance.
  3152 | D:3      | 3152 ||| DROPPING +0 ring mail.
  3412 | D:5      | Entered Level 5 of the Dungeon
  3475 | D:5      | Found a staircase to the Ecumenical Temple.
  3497 | D:5      | Reached XP level 7. HP: 44/44 MP: 7/7
  3505 | D:5      | Found a transporter.
  3515 | D:5      | Reached * piety under Okawaru
  3527 | D:5      | 3527 ||| FLEEEEING.
  3608 | D:5      | Found a transporter.
  3802 | D:5      | Reached skill level 7 in Ranged Weapons
  3802 | D:5      | Reached skill level 1 in Invocations
  3802 | D:5      | 3802 ||| FLEEEEING.
  4133 | D:5      | 4133 ||| READING 2 scrolls of identify.
  4133 | D:5      | 4133 ||| IDENTIFYING clear potion
  4134 | D:5      | 4134 ||| READING scroll of identify.
  4134 | D:5      | 4134 ||| IDENTIFYING scroll labelled QISAFEITET
  4135 | D:5      | 4135 ||| READING scroll labelled NICHUG CIM EGRE.
  4136 | D:5      | 4136 ||| FLEEEEING.
  4246 | D:5      | 4246 ||| DROPPING scroll of noise.
  4270 | D:6      | Found a runed translucent door.
  4295 | D:6      | HP: 8/44 [acid dragon/splash of acid (16)]
  4295 | D:6      | Mangled by an ice beast

Levels and vault maps discovered:
D:1:      dpeg_arrival_three_same_balls, layout_loops_ring,
          corexii_hall_statues_u
D:2:      layout_basic, serial_shops, shop, minmay_misc_feat_columns
D:3:      layout_basic, lemuel_crystal_altar, mainiacjoe_overflow_cross_hatched
D:4:      nicolae_cairo_tiling_large_dashed, layout_loops_cross,
          mainiacjoe_overflow_boulevard, grunt_temple_overflow_open,
          uniq_eustachio
D:5:      gammafunk_wand_slinger, layout_basic, minmay_temple_entry_proselytizer
D:6:      layout_basic, serial_shops, nicolae_take_the_stairs,
          ebering_ghost_reflecting_pool, uniq_edmund

Skill      XL: |  1  2  3  4  5  6  7 |
---------------+----------------------+-----
Ranged Weapons | 5 6 7 |  7.0
Armour         | 1 |  1.0
Fighting       | 3 5 |  5.1
Invocations    | 1 |  1.2
Dodging        | |  1.5
Stealth        | |  1.1

Action                     |  1- 3 |  4- 6 |  7- 9 || total
---------------------------+-------+-------+-------++-------
   Fire: Shortbow          |   152 |   200 |    49 ||   401
    Use: Scroll            |     3 |     7 |     3 ||    13
         Potion            |     1 |     1 |       ||     2
 Armour: Leather armour    |    27 |     5 |    25 ||    57
         Ring mail         |    16 |    95 |       ||   111
  Dodge: Dodged            |    46 |    87 |    19 ||   152

Table legend:
 A = Non-vault XP
 B = Vault XP
 C = Vault XP percentage of total XP
 D = Non-vault monster count
 E = Vault monster count
 F = Vault count percentage of total count
                 A         B        C        D         E       F
            +---------+---------+-------+---------+---------+-------
      Total |     504 |     247 |  32.9 |      84 |       2 |   2.3
            +---------+---------+-------+---------+---------+-------
        D:1 |      45 |       0 |   0.0 |      27 |       0 |   0.0
        D:2 |      21 |       0 |   0.0 |      12 |       0 |   0.0
        D:3 |      41 |     203 |  83.2 |      20 |       1 |   4.8
        D:4 |     171 |       0 |   0.0 |      17 |       0 |   0.0
        D:5 |     226 |      44 |  16.3 |       8 |       1 |  11.1
            +---------+---------+-------+---------+---------+-------
